Jubilex, neutral male human Wizard -------- |......| oo.....| |@.....| |....... |......| ----|--- # # ## -----|-- -------- |......| |......| |.!.....### |......| |......| # |<...%.| |......| ##-......| |......| |......| -------- -------- Jubilex the Thaumaturge Experience level: 8 Strength: 12 Dexterity: 15 Constitution: 15 Intelligence: 18 Wisdom: 13 Charisma: 10 Health: 0(62) Energy: 50(106) AC: 5 Gold: 333 Moves: 4825 Your Inventory: Coins $ - 333 gold pieces Weapons a - a blessed +1 quarterstaff (weapon in hands) Armor b - an uncursed +0 cloak of magic resistance (being worn) C - an uncursed +1 pair of gauntlets of dexterity (being worn) D - an uncursed +0 leather armor (being worn) Comestibles f - an [uncursed] lizard corpse r - an uncursed slime mold x - 5 uncursed food rations H - 3 uncursed tripe rations P - an uncursed pear Scrolls y - an uncursed scroll labeled NR 9 [of create monster] E - an uncursed scroll labeled LEP GEX VEN ZEA [of fire] N - an uncursed scroll labeled ASHPD [of magic mapping] Q - a cursed scroll labeled THARR [of teleportation] X - a [blessed] scroll labeled LOREN IPSUM [of identify] Y - 2 [uncursed] scrolls labeled THARR [of teleportation] Spellbooks l - a blessed spellbook of force bolt m - an uncursed spellbook of cause fear t - an uncursed fuzzy spellbook [of finger of death] G - an uncursed spellbook of healing Potions g - an uncursed potion of sickness h - a blessed potion of invisibility Rings d - an uncursed ring of searching (on left hand) e - an uncursed ring of slow digestion (on right hand) j - a [cursed] granite ring [of aggravate monster] M - an uncursed [-1] twisted ring [of increase accuracy] R - an uncursed jacinth ring [of poison resistance] Wands c - an uncursed wand of lightning (0:3) L - an uncursed wand of magic missile [0:7] V - an [uncursed] aluminum wand [of striking (0:6)] Tools A - an uncursed bag [sack] K - 16 uncursed [wax] candles T - an [uncursed] magic marker [0:65] Z - an [uncursed] key [skeleton key] Gems p - 2 uncursed yellow gems [worthless glass] q - an uncursed violet gem [worthless glass] s - 2 uncursed white gems [opal] Spells known in the end: Name Level Category Fail Memory a - force bolt 1 attack 0% [|||||||.] b - cause fear 3 enchantment 0% [|||||||.] c - healing 1 healing 0% [|||||||.] Your skills at the end: Fighting Skills Weapon Skills quarterstaff [Basic / Expert] Spellcasting Skills attack spells [Skilled / Expert] enchantment spells [Basic / Skilled] Final Attributes: You were piously aligned. Hunger level was 425. Your alignment was 33 / 34. Monster difficulty range was 1 - 9. Level difficulty was 10. You were magic-protected. You had automatic searching. You had slower digestion. Your luck was zero. You are dead. Vanquished creatures: 2 small mimics a dwarf king a forest centaur an orc mummy a lizard a blue jelly a plains centaur an imp 7 Uruk-hai a rock piercer 2 yellow lights a shrieker 4 gnome lords 3 gnomish wizards a straw golem a paper golem 2 wax golems a giant ant a little dog 5 dwarves a homunculus a kobold shaman 5 rothes a giant bat 3 killer bees 4 hobbits a manes a large kobold 10 giant rats 25 gnomes 2 garter snakes a gnome zombie 3 geckos 11 jackals 2 foxes 2 kobolds a goblin 12 sewer rats 5 grid bugs a bat 2 lichens a kobold zombie 2 newts 135 creatures vanquished. Genocided or extinct species: dwarf kings 1 species genocided. 1 species extinct. Voluntary challenges: You used a wielded weapon 76 times. You read items or engraved 6 times. You put on armor 6 times. You genocided 1 type of monster. You never polymorphed an object. You never changed form. You used no wishes. You wrote Elbereth's name 1 time. You never encountered a bones level. You never used any Sokoban shortcuts. Dungeon overview: The Dungeons of Doom: levels 1 to 10 Level 1 an altar to Thoth, a fountain a long staircase Level 2 a fountain Level 3 an armor shop, an altar Level 4 a tool shop stairs to The Gnomish Mines Level 5 an armor shop, a fountain Level 6 many fountains Level 7 stairs to Sokoban Level 8 a fountain Level 9 some fountains Level 10 <- You were here The Gnomish Mines: levels 5 to 8 Level 5 stairs to The Dungeons of Doom Level 8 many shops, a temple, a magic chest, some fountains Sokoban: Level 6 stairs to The Dungeons of Doom History has recorded: On T:1 you entered the Dungeons of Doom to retrieve the Amulet of Yendor! On T:186 you reached level 2 of The Dungeons of Doom. On T:1093 you reached level 3 of The Dungeons of Doom. On T:1122 you reached level 4 of The Dungeons of Doom. On T:1232 you advanced to experience level 2. On T:1385 you advanced to experience level 3. On T:1503 you advanced to experience level 4. On T:1671 you advanced to experience level 5. On T:1753 you reached level 5 of The Dungeons of Doom. On T:1985 you advanced to experience level 6. On T:2838 you reached level 1 of The Gnomish Mines. On T:2935 you advanced to experience level 7. On T:3039 you reached level 3 of The Gnomish Mines. On T:3228 you reached level 4 of The Gnomish Mines. On T:3400 you genocided all dwarf kings On T:3578 you advanced to experience level 8. On T:3813 you reached level 6 of The Dungeons of Doom. On T:3998 you reached level 7 of The Dungeons of Doom. On T:4050 you reached level 8 of The Dungeons of Doom. On T:4188 you reached level 3 of Sokoban. On T:4603 you reached level 9 of The Dungeons of Doom. On T:4754 you reached level 10 of The Dungeons of Doom. Latest messages: [HP+1=8] [2 turns] [HP+1=9] [2 turns] [HP+1=10] [2 turns] You find a secret door. [HP+1=11] [2 turns] You see a door open. You hear bubbling water. [2 turns] The hill orc thrusts his crude dagger. The hill orc hits! [HP-6=5] You miss the hill orc. The hill orc hits! The hill orc thrusts his crude dagger. The hill orc hits! You die... The sack is empty. Final status: Goodbye Jubilex the Wizard... You died in The Dungeons of Doom on dungeon level 10 with 5293 points, and 333 pieces of gold, after 4825 moves. You were level 8 with a maximum of 62 hit points when you died.